 Dungeon Crawl Stone Soup version 0.30.1-9-gdf580d7c3d (webtiles) character file.

Game seed: 9165042105559195469

70 coolio the Trooper (level 4, 0/35 HPs)
             Began as a Demonspawn Fighter on Oct 11, 2023.
             Slain by an iguana (3 damage)
             ... on level 4 of the Dungeon.
             The game lasted 00:01:39 (2535 turns).

coolio the Trooper (Demonspawn Fighter)             Turns: 2535, Time: 00:01:39

Health: 0/35       AC:  6    Str: 19    XL:     4   Next: 3%
Magic:  4/4        EV:  9    Int:  9    God:
Gold:   86         SH:  0    Dex: 12    Spells: 3/3 levels left

rFire   . . .        a - +0 war axe
rCold   . . .        (no shield)
rNeg    . . .        b - +0 scale mail
rPois   .            (helmet restricted)
rElec   .            (no cloak)
rCorr   .            (no gloves)
SInv    .            (no boots)
Will    .....        (no amulet) Stlth
                     (no ring)
HPRegen 0.25/turn    (no ring)
MPRegen 0.18/turn

%: no passive effects
@: no status effects
A: antennae 1, magic regeneration
a: no special abilities


You were on level 4 of the Dungeon.
You visited 1 branch of the dungeon, and saw 4 of its levels.

You collected 86 gold pieces.

Inventory:

Hand Weapons
 a - a +0 war axe (weapon)
Armour
 b - a +0 scale mail (worn)
Jewellery
 f - a ring of ice
 h - a ring of see invisible
Scrolls
 c - 3 scrolls of identify {unknown}
 g - a scroll of fog {unknown}
 j - a scroll of vulnerability {unknown}
 p - a scroll of magic mapping {unknown}
 q - a scroll of amnesia {unknown}
 r - a scroll of silence {unknown}
Potions
 d - a potion of might
 e - 2 potions of heal wounds
 i - 2 potions of curing {unknown}
 k - a potion of invisibility {unknown}
 l - a potion of attraction {unknown}
 m - a potion of brilliance {unknown}
 n - a potion of lignification {unknown}
 o - a potion of berserk rage {unknown}
 s - a potion of haste {unknown}


   Skills:
 + Level 3.5 Fighting
 * Level 3.0 Axes
 + Level 3.2 Armour
 - Level 2.6 Shields


You had 3 spell levels left.
You didn't know any spells.
Your spell library contained the following spells:

 Spells                   Type           Power      Damage    Failure   Level
 Blink                    Tloc           0%         N/A       87%         2
 Lesser Beckoning         Tloc           0%         N/A       87%         2
 Momentum Strike          Conj/Tloc      0%         3d8       87%         2
 Summon Forest            Summ/Tloc      0%         N/A       100%        5
 Eringya's Noxious Bog    Tmut/Pois      0%         N/A       100%        6
 Summon Hydra             Summ           0%         N/A       100%        7


Dungeon Overview and Level Annotations

Branches:
Dungeon (4/15)
 Temple: D:4-7

Altars:
Okawaru

Shops:
D:1 [


Innate Abilities, Weirdness & Mutations

You have a pair of small antennae on your head.
You regenerate magic rapidly.


Message History

The endoplasm hits you but does no damage.
You hit the endoplasm.
You kill the endoplasm!
You barely miss the iguana. The iguana bites you! The iguana bites you.
You are too injured to fight recklessly!
You are too injured to fight recklessly!
You are too injured to fight recklessly!
You are too injured to fight recklessly!
You are too injured to fight recklessly!
You are too injured to fight recklessly!
You are too injured to fight recklessly!
You are too injured to fight recklessly!
You are too injured to fight recklessly!
You are too injured to fight recklessly!
You are too injured to fight recklessly!
You are too injured to fight recklessly!
You are too injured to fight recklessly!
You are too injured to fight recklessly!
You are too injured to fight recklessly!
You are too injured to fight recklessly!
You are too injured to fight recklessly!
You are too injured to fight recklessly!
You are too injured to fight recklessly!
You are too injured to fight recklessly!
The iguana barely misses you.
You see here a +0 dagger.
The iguana bites you!
* * * LOW HITPOINT WARNING * * *
You hit the iguana but do no damage.
The iguana is lightly wounded.
The iguana barely misses you.
You hit the iguana.
The iguana is moderately wounded.
The iguana bites you but does no damage.
The iguana bites you!
* * * LOW HITPOINT WARNING * * *
You hit the iguana.
The iguana is heavily wounded.
The iguana bites you.
You die...

....##... ..
.P....... ....
........### ...
._........##.# .
.............##..
P..............
#....†......
##....l.#
#..<.)@.#
#.......!.....
##...##.......
##... .......
#............
..............
...###.........
... .........


You could see an iguana.

Vanquished Creatures
  An adder (D:3)
  3 worms
  A dart slug (D:3)
  3 orcs (D:3)
  6 ball pythons
  2 bats (D:2)
  6 endoplasms
  2 giant cockroaches
  5 goblins
  3 hobgoblins
  3 frilled lizards
  4 kobolds
  4 rats
43 creatures vanquished.

Notes
Turn   | Place    | Note
-------+----------+-------------------------------------------
     0 | D:1      | coolio the Demonspawn Fighter began the quest for the Orb.
     0 | D:1      | Reached XP level 1. HP: 18/18 MP: 1/1
   151 | D:1      | Found Ishatu's Armour Shoppe.
   877 | D:2      | Gained mutation: You regenerate magic rapidly. [demonic
                  | ancestry]
   877 | D:2      | Reached XP level 2. HP: 24/24 MP: 2/2
   881 | D:2      | Found a faded altar of an unknown god.
  1429 | D:2      | Reached XP level 3. HP: 29/29 MP: 3/3
  2514 | D:4      | Found an iron altar of Okawaru.
  2524 | D:4      | Gained mutation: You have a pair of small antennae on your
                  | head. [demonic ancestry]
  2524 | D:4      | Reached XP level 4. HP: 20/35 MP: 4/4
  2535 | D:4      | Slain by an iguana

Illustrated notes

Levels and vault maps discovered:
D:1:      wander_arrival_estate, layout_basic, serial_shops, shop
D:2:      layout_loops_corners, chequers_ecumenical_altar_simple_redux
D:3:      layout_basic
D:4:      layout_cave_pools, mainiacjoe_overflow_tiny_flanked, uniq_natasha

Skill      XL: |  1  2  3 |
---------------+----------+-----
Axes           | 2 3 |  3.0
Armour         | 3 |  3.2
Fighting       | |  3.5
Shields        | |  2.6

Action                     |  1- 3 |  4- 6 || total
---------------------------+-------+-------++-------
  Melee: War axe           |   113 |     9 ||   122
    Use: Potion            |       |     1 ||     1
 Armour: Scale mail        |    52 |     3 ||    55
  Dodge: Dodged            |    57 |     4 ||    61
